AoeStats
← DJstapie

Four Lakes

509447286Analyzed
1v1 RM · 5d ago on Sep 26, 2026· 91m 22s· 2 players
Game mode
Random Map
Map size
Tiny (2 player)
Population
200
Speed
Normal
Resources
Standard
Victory
Conquest
Starting age
Dark Age
Ending age
Imperial Age
RankedLock teamsTeams togetherTeam positionsShared explorationLock speedFull tech treeHidden civsTurbo modeCheats
Victory
Defeat
🇨🇱 Mapuche · Chile
552
+15
🇬🇧 Spanish · United Kingdom
526
-15
DJstapie
4:12 Loom
11:58 Feudal Age
12:25 Double-Bit Axe
14:22 Horse Collar
17:28 Wheelbarrow
17:28 Bloodlines
17:46 Fishing Lines
18:34 Scale Barding Armor
18:40 Forging
25:08 Castle Age
24:35 Gold Mining
25:37 Scale Mail Armor
26:48 Bow Saw
26:44 Heavy Plow
26:20 Light Cavalry
27:02 Husbandry
26:53 Gambesons
27:09 Squires
27:14 Gillnets
31:04 Hand Cart
31:37 Stone Mining
32:36 Fletching
32:46 Padded Archer Armor
33:02 Chain Mail Armor
34:21 Stone Shaft Mining
33:37 Town Watch
33:53 Pikeman
35:57 Murder Holes
36:28 Ballistics
37:24 Town Patrol
41:30 Imperial Age
39:09 Bodkin Arrow
39:31 Leather Archer Armor
39:36 Fortified Wall
39:39 Masonry
42:55 Conscription
44:54 Chemistry
44:37 Architecture
43:37 Elite Conquistador
43:42 Halberdier
46:45 Bombard Tower
46:04 Hussar
50:55 Two-Man Saw
50:41 Bracer
51:12 Ring Archer Armor
51:13 Plate Mail Armor
51:19 Iron Casting
51:05 Chain Barding Armor
58:17 Cavalier
60:16 Two-Man Saw
68:01 Elite Skirmisher
68:47 Thumb Ring
Sisu.sukha
6:12 Loom
12:12 Feudal Age
12:39 Double-Bit Axe
14:22 Wheelbarrow
15:29 Horse Collar
18:33 Town Watch
19:03 Gold Mining
19:11 Stone Mining
22:22 Castle Age
20:42 Forging
20:33 Scale Mail Armor
21:49 Fletching
23:46 Iron Casting
23:27 Chain Mail Armor
24:24 Fishing Lines
24:10 Pikeman
25:06 Bow Saw
25:01 Heavy Plow
26:46 Bodkin Arrow
28:09 Gillnets
28:22 Demolition Ship
29:47 Arson
36:29 Imperial Age
35:14 Malon
36:09 Gold Shaft Mining
35:08 Champi Runner
35:46 Bodkin Arrow
36:59 Hand Cart
36:36 Halberdier
39:11 Conscription
39:02 Butalmapu
42:02 Blast Furnace
41:32 Plate Mail Armor
40:45 Champi Warrior
40:52 Elite Kona
43:10 Ballistics
43:49 Town Patrol
43:31 Elite Bolas Rider
46:52 Chemistry
45:49 Heavy Scorpion
48:12 Capped Ram
49:44 Padded Archer Armor
57:28 Elite Champi Warrior
58:48 Siege Engineers
58:42 Murder Holes
89:52 Spies/Treason
Connection lost

Rejoining the realm…

Still unreachable

The connection could not be restored.

Session expired

The server has moved on; the page needs a fresh start.